 Dungeon Crawl Stone Soup version 0.19.5 (webtiles) character file.

697 Just00me the Caller (level 7, -1/32 HPs)
             Began as a Vine Stalker Summoner on Mar 22, 2017.
             Slain by an orc (3 damage)
             ... on level 5 of the Dungeon.
             The game lasted 00:31:48 (3095 turns).

Just00me the Caller (Vine Stalker Summoner)         Turns: 3095, Time: 00:31:48

Health: -1/32      AC:  4    Str: 10    XL:     7   Next: 65%
Magic:  0/26       EV: 12    Int: 19    God:
Gold:   189        SH:  0    Dex: 15    Spells: 3 memorised, 10 levels left

rFire  . . .     SeeInvis .     g - +2 short sword (venom)
rCold  + . .     Gourm    .     a - +1 robe
rNeg   . . .     Faith    .     (no shield)
rPois  .         Spirit   +     (no helmet)
rElec  .         Reflect  .     (no cloak)
rCorr  .         Harm     .     j - +0 pair of gloves
MR     .....                    (no boots)
Stlth  +.........               (no amulet)
                                o - ring of protection from cold
                                c - ring of magical power

@: confused, about to teleport, invisible
A: fangs 2, clever 1, regeneration 1, magic shield, antimagic bite, no device
heal 3, rot immunity
a: no special abilities


You were on level 5 of the Dungeon.
You were not hungry.

You visited 1 branch of the dungeon, and saw 5 of its levels.

You collected 189 gold pieces.

Inventory:

Hand Weapons
 g - a +2 short sword of venom (weapon)
Armour
 a - a +1 robe (worn)
 j - a +0 pair of gloves (worn)
Magical Staves
 t - an uncursed staff of earth
Jewellery
 c - a ring of magical power (left hand)
 o - a ring of protection from cold (right hand)
Scrolls
 e - 4 scrolls of enchant weapon
 m - 2 scrolls of amnesia
 r - 2 scrolls of teleportation
Potions
 d - 2 potions of berserk rage {unknown}
 h - 2 potions of magic {unknown}
 k - a potion of agility {unknown}
 l - 4 potions of curing
 n - 2 potions of brilliance
 q - a potion of lignification {unknown}
Books
 b - a book of Callings

   Spells                             Type                      Level
   a - Summon Small Mammal            Summoning                    1
   b - Call Imp                       Summoning                    2
   c - Call Canine Familiar           Summoning                    3
   d - Summon Guardian Golem          Hexes/Summoning              3
   e - Summon Lightning Spire         Summoning/Air                4
   f - Summon Ice Beast               Ice/Summoning                4
Comestibles
 i - a meat ration
 p - 2 slices of pizza
 s - a royal jelly


   Skills:
 - Level 1.5 Dodging
 - Level 2.4 Stealth
 * Level 6.1 Spellcasting
 * Level 7.0 Summonings


You had 10 spell levels left.
You knew the following spells:

 Your Spells              Type           Power        Failure   Level  Hunger
a - Call Imp              Summ           ####....     1%          2    None
b - Summon Guardian Gole  Hex/Summ       ###.....     10%         3    ##.....
c - Call Canine Familiar  Summ           ####....     1%          3    ##.....


Dungeon Overview and Level Annotations

Branches:
Dungeon (5/15)
 Temple: D:4-7

Altars:


Innate Abilities, Weirdness & Mutations

You have extremely sharp teeth.
Your natural rate of healing is unusually fast.
When hurt, damage is shared between your health and your magic reserves.
Your bite disrupts and absorbs the magic of your enemies.
Potions and wands cannot restore your health.
You are immune to rotting.
Your mind is acute. (Int +2)


Message History

The orc priest hits you with a flail.
Your crimson imp hits the orc priest.
Something hits you!
The orc priest calls upon Beogh to heal the orc priest.
The orc priest's wounds heal themselves!
The crimson imp closely misses you. The orc hits you but does no damage.
As you read the scroll of teleportation, it crumbles to dust.
You feel strangely unstable. The orc priest completely misses you.
Your crimson imp barely misses the orc priest.
You hear some strange, mumbled words.
You are confused.
The crimson imp barely misses you. The orc hits you.
You fade into invisibility!
The orc closely misses you. The orc hits you with a falchion.
* * * LOW HITPOINT WARNING * * *
Something hits you.
* * * LOW HITPOINT WARNING * * *
The orc priest closely misses you.
The orc priest calls down the wrath of Beogh upon you.
The crimson imp misses you. The orc hits you.
You die...

#.##.. #o# #.# #o#
#.## #o# #.. #o#
#.## #5###.##
#.##...##
#)#.o5o.##
#.5o{@...#
###.oo..## ##...##
##.## #.# #.# ##.##
#...#########
#...........#######


You could see 2 orc priests, a crimson imp, 3 orcs and a friendly crimson imp.

Vanquished Creatures
  An ogre (D:4)
  A scorpion (D:4)
  A crimson imp (D:5)
  The ghost of Turtleman12345 the Conjurer, a weakling TeCj (D:3)
  An orc priest (D:4)
  A worker ant (D:4)
  2 adders (D:3)
  An adder skeleton (D:4)
  2 leopard geckos (D:4)
  6 bats
  4 giant cockroaches
  5 goblins
  7 hobgoblins
  5 kobolds
  A quokka (D:2)
  2 frilled lizards
  3 rats
44 creatures vanquished.

Vanquished Creatures (collateral kills)
  Pikel (D:4)
  3 ogres (D:4)
  2 adders
  2 dart slugs (D:1)
  3 orcs
  A ball python (D:2)
  A giant cockroach (D:1)
  A goblin (D:1)
  A hobgoblin (D:1)
  2 jackals (D:1)
  A quokka (D:3)
  A frilled lizard (D:1)
  A jackal zombie (D:5)
  A quokka skeleton (D:5)
  A rat (D:1)
22 creatures vanquished.

Vanquished Creatures (others)
  A scorpion (D:4)
1 creature vanquished.

Grand Total: 67 creatures vanquished

Notes
Turn   | Place    | Note
-------+----------+-------------------------------------------
     0 | D:1      | Just00me the Vine Stalker Summoner began the quest for the Orb.
     0 | D:1      | Reached XP level 1. HP: 9/9 MP: 4/4
   122 | D:1      | Reached XP level 2. HP: 12/13 MP: 0/6
   869 | D:1      | Learned a level 2 spell: Call Imp
  1067 | D:2      | Reached XP level 3. HP: 16/16 MP: 8/8
  1134 | D:2      | Learned a level 3 spell: Summon Guardian Golem
  1138 | D:2      | Learned a level 3 spell: Call Canine Familiar
  1760 | D:3      | Noticed Turtleman12345's ghost (weakling TeCj)
  1766 | D:3      | Killed Turtleman12345's ghost
  1766 | D:3      | Gained mutation: Your natural rate of healing is unusually fast. [Vine Stalker growth]
  1766 | D:3      | Reached XP level 4. HP: 21/21 MP: 10/10
  2216 | D:3      | Gained mutation: Your mind is acute. (Int +2) [potion of beneficial mutation]
  2237 | D:4      | Noticed Pikel
  2258 | D:4      | Killed Pikel
  2258 | D:4      | Reached skill level 5 in Spellcasting
  2258 | D:4      | Reached skill level 5 in Summonings
  2258 | D:4      | Reached XP level 5. HP: 24/24 MP: 12/13
  2258 | D:4      | Reached XP level 6. HP: 28/28 MP: 12/14
  2259 | D:4      | Noticed a freed slave
  2259 | D:4      | Noticed a freed slave
  2265 | D:4      | Noticed a freed slave
  2268 | D:4      | Noticed a freed slave
  2307 | D:4      | Reached skill level 6 in Summonings
  2482 | D:4      | Reached XP level 7. HP: 32/32 MP: 16/16
  2966 | D:5      | Entered Level 5 of the Dungeon
  2992 | D:5      | Reached skill level 7 in Summonings
  3095 | D:5      | Slain by an orc

Skill      XL: |  1  2  3  4  5  6  7 |
---------------+----------------------+-----
Spellcasting   | 3 5 6 |  6.1
Summonings     | 5 6 7 |  7.0
Dodging        | |  1.5
Stealth        | |  2.4

Action                   |  1- 3 |  4- 6 |  7- 9 || total
-------------------------+-------+-------+-------++-------
Melee: Dagger            |    20 |       |       ||    20
       Unarmed           |     6 |       |       ||     6
       Bite              |    17 |     9 |     6 ||    32
       Short sword       |    50 |    32 |    26 ||   108
 Cast: Summon Small Mamm |    25 |       |       ||    25
       Call Imp          |     4 |     4 |    13 ||    21
       Summon Guardian G |     3 |     3 |     4 ||    10
       Call Canine Famil |     3 |     3 |     2 ||     8
  Use: Scroll            |     8 |     6 |     1 ||    15
       Potion            |     1 |     1 |     1 ||     3
 Stab: Sleeping          |     2 |     2 |       ||     4
       Distracted        |       |     1 |       ||     1
  Eat: Bread ration      |     1 |       |       ||     1
       Chunk             |       |     2 |     2 ||     4
Armor: Robe              |    20 |     4 |     5 ||    29
Dodge: Dodged            |    53 |    26 |    18 ||    97
